 Dungeon Crawl Stone Soup version 0.31-a0-263-ge8cad7f256 (webtiles) character file.

Game seed: 15624172318231535500

380 LeprechaunX the Changeling (level 6, 0/42 HPs)
             Began as an Octopode Shapeshifter on July 13, 2023.
             Slain by a gnoll
             ... wielding a +0 whip
             ... led by a gnoll bouda
              (5 damage)
             ... on level 6 of the Dungeon.
             The game lasted 00:08:43 (4321 turns).

LeprechaunX the Changeling (Octopode Shapeshifter)  Turns: 4321, Time: 00:08:43

Health: 0/42       AC:  1    Str: 14    XL:     6   Next: 75%
Magic:  15/15      EV: 14    Int: 11    God:
Gold:   217        SH:  0    Dex: 14    Spells: 5/5 levels left

rFire   . .          .
                       - Unarmed
rCold   . . .        (no shield)
rNeg    . . .        (helmet currently unavailable)
rPois   .            (no amulet)
rElec   .            v - ring of magical power
rCorr   .            (no ring)
SInv    .            (no ring)
Will    .....        (no ring)
Stlth   ++           (no ring)
HPRegen 0.27/turn    (no ring)
MPRegen 0.14/turn    (no ring)
                     (no ring)

%: no passive effects
@: mighty, lethally poisoned (0 -> -1), beast-form, invisible
A: beast (slay +3), almost no armour, amphibious, 8 rings, camouflage 1,
gelatinous body 1, (nimble swimmer 1), tentacles
a: Begin Untransformation


You were on level 6 of the Dungeon.
You were a hulking beast.
You visited 1 branch of the dungeon, and saw 6 of its levels.

You collected 217 gold pieces.

Inventory:

Missiles
 i - 8 poisoned darts
 l - 5 javelins
 m - 2 throwing nets
Armour
 k - an orb of light
 q - a +0 kite shield
Magical Staves
 x - a staff of death
Jewellery
 v - a ring of magical power (left tentacle)
Talismans
 b - a beast talisman
Scrolls
 e - a scroll of amnesia {unknown}
 f - 3 scrolls of vulnerability {unknown}
 h - a scroll of enchant weapon {unknown}
 o - a scroll of blinking {unknown}
 r - 2 scrolls of immolation {unknown}
 s - a scroll of fog {unknown}
 t - a scroll of torment {unknown}
Potions
 a - a potion of lignification
 c - a potion of might
 g - a potion of magic {unknown}
 j - 2 potions of curing {unknown}
 n - 3 potions of enlightenment {unknown}
 p - a potion of berserk rage {unknown}
 w - a potion of heal wounds {unknown}


   Skills:
 + Level 3.2 Fighting
 + Level 3.2 Dodging
 * Level 4.2 Unarmed Combat
 * Level 4.4 Shapeshifting


You had 5 spell levels left.
You didn't know any spells.
Your spell library contained the following spells:

 Spells                   Type           Power      Damage    Failure   Level
 Sting                    Tmut/Pois      0%         1d3       34%         1
 Poisonous Vapours        Pois/Air       0%         N/A       47%         2
 Olgreb's Toxic Radiance  Pois           0%         N/A       98%         4


Dungeon Overview and Level Annotations

Branches:
Dungeon (7/15)             Temple (0/1) D:4

Altars:
Elyvilon
Kikubaaqudgha
Wu Jian
Zin

Shops:
D:1 (   D:4 !!*:[

Annotations:
D:3 Leavold's ghost, weakling DESu


Innate Abilities, Weirdness & Mutations

You are a hulking beast.
Your limbs bulge with bestial killing power. (Slay +3)
You cannot wear most types of armour.
You are amphibious.
You can wear up to eight rings at the same time.
Your skin changes colour to match your surroundings (Stealth+).
Your rubbery body absorbs attacks. (AC +1, EV +1)
((You are camouflaged when in or above water. (Stealth+)))
You have tentacles for arms and can constrict up to eight enemies at once.


Message History

The datura-tipped dart closely misses the gnoll.
The gnoll closely misses the black bear.
The gnoll hits you with a +0 whip!
You hear a shout!
The scorpion completely misses you.
The gnoll bouda barks out a call to the hunt!
The gnolls pick up the pace!
Throw: dart (datura)
Press: ? - help, Q - select action, (/) - cycle Shift-Dir - straight line, f/p - gnoll bouda
Aim: a gnoll bouda, wielding a +0 club and wearing a +0 leather armour (66% to hit, chance to frenzy on hit: 75%)
You throw a datura-tipped dart.
The datura-tipped dart hits the scorpion.
The scorpion resists.
The gnoll hits you with a +0 whip. The scorpion stings you!
You are poisoned.
The scorpion poisons you!
Unknown command.
Unknown command.
The scorpion attacks as you move away! The scorpion closely misses you.
You feel sick.
Something barely misses the black bear.
You feel sick.
Something closely misses the gnoll.
The gnoll barely misses something.
Something hits the gnoll!
The gnoll dies!
Unknown command.
The scorpion attacks as you move away! The scorpion closely misses you.
You feel sick. The gnoll hits you with a +0 whip!
* * * LOW HITPOINT WARNING * * *
The scorpion attacks as you move away! The scorpion closely misses you.
The gnoll attacks as you move away! The gnoll hits you with a +0 whip.
* * * LOW HITPOINT WARNING * * *
You feel sick. The scorpion misses you.
It was a potion of might.
You feel very mighty all of a sudden.
You feel sick. The gnoll barely misses you. The scorpion closely misses you.
The scorpion stings you.
* * * LOW HITPOINT WARNING * * *
It was a potion of invisibility.
You fade into invisibility!
You feel sick. The gnoll closely misses you. The gnoll hits you with a +0 whip.
You die...

# .... # #.# ...##
#.#.#. ##...## .
...... #.....# #...
#....# #.....##...8
#.....##..........
##..#..gg........# .
.......hs.h..#...# ..
...##..#s....#...#...
###..g.#(........
##..###........
#...s.>)....#.
...#...........
...####.h....... ....
##.g...... .##
.........


You could see a black bear (unable to see you), 2 scorpions and 3 gnolls.

Vanquished Creatures
  Sigmund (D:4)
  2 orc priests (D:4)
  A sleepcap (D:4)
  An iguana (D:4)
  An orc wizard (D:4)
  A gnoll (D:4)
  4 adders
  2 worms
  6 orcs
  5 bats
  4 endoplasms
  4 giant cockroaches
  3 goblins
  8 hobgoblins
  3 jackals (D:2)
  8 kobolds
  A quokka (D:2)
  3 ball pythons
  3 frilled lizards
  11 rats
72 creatures vanquished.

Vanquished Creatures (collateral kills)
  2 gnolls
2 creatures vanquished.

Vanquished Creatures (others)
  2 gnolls
2 creatures vanquished.

Grand Total: 76 creatures vanquished

Notes
Turn   | Place    | Note
-------+----------+-------------------------------------------
     0 | D:1      | LeprechaunX the Octopode Shapeshifter began the quest for
                  | the Orb.
     0 | D:1      | Reached XP level 1. HP: 14/14 MP: 1/1
    59 | D:1      | Reached XP level 2. HP: 16/19 MP: 2/2
   731 | D:1      | Found Saigrau's Weapon Shoppe.
  1103 | D:2      | Reached XP level 3. HP: 24/24 MP: 3/3
  1851 | D:3      | Reached XP level 4. HP: 30/30 MP: 4/4
  1856 | D:3      | Found a white marble altar of Elyvilon.
  2083 | D:3      | Found a faded altar of an unknown god.
  2087 | D:3      | Found an ornate altar of the Wu Jian Council.
  2171 | D:3      | Found a transporter.
  2174 | D:3      | Noticed Leavold's ghost (weakling DESu)
  2175 | D:3      | Found a transporter.
  2272 | D:3      | Found a glowing silver altar of Zin.
  2272 | D:3      | Noticed an angel
  2878 | D:3      | HP: 1/30 [poisoned by a kobold]
  3197 | D:4      | Reached XP level 5. HP: 30/35 MP: 5/5
  3218 | D:4      | Found Gicwurex's Book Shoppe.
  3562 | D:4      | Found Kihoxki's Assorted Antiques.
  3605 | D:4      | Found Hegeu's Antique Armour Boutique.
  3678 | D:4      | Found a staircase to the Ecumenical Temple.
  3799 | D:4      | Reached XP level 6. HP: 37/42 MP: 6/6
  4000 | D:4      | Found Bocoasuf's Distillery.
  4010 | D:4      | Noticed Sigmund
  4024 | D:4      | Killed Sigmund
  4133 | D:4      | Found an ancient bone altar of Kikubaaqudgha.
  4147 | D:4      | Found Hamu's Distillery.
  4262 | D:4      | You fall into a shaft and drop 3 floors!
  4309 | D:6      | Noticed a black bear
  4321 | D:6      | Slain by a gnoll

Illustrated notes

Levels and vault maps discovered:
D:1:      sevenhm_arrival_forest_fort_small_4, layout_basic, serial_shops, shop,
          serial_aquarium, aquarium_bridge_square [aquarium_subvault_wall,
          aquarium_subvault_bridge, aquarium_subvault_wall,
          aquarium_subvault_bridge], aquarium_window_2, aquarium_window_1,
          aquarium_window_2, aquarium_window_corner, aquarium_view_2e,
          aquarium_view_2b, aquarium_balcony_3a, aquarium_pool_2
D:2:      layout_basic, hex_intersection, minmay_indecisive_spiral
D:3:      layout_loops_cross, mainiacjoe_overflow_boulevard,
          nicolae_overflow_ecumenical_swirl, zin_angel,
          gammafunk_ghost_mausoleum, minmay_unequal
D:4:      layout_basic, mainiacjoe_overflow_paths, minmay_temple_entry_hall,
          serial_co_window_serial, co_window_paths_a,
          co_window_of_opportunity_a, co_window_corner_a, co_window_corner_a,
          co_window_corner_a, co_window_of_opportunity_a, co_window_paths_b,
          co_window_paths_b, co_window_paths_b, co_window_2corner,
          co_window_corner_cb, co_window_unsneaky_path_b, co_window_corner_cb,
          co_window_2corner, co_window_4corner_b, glass_columns_a,
          glass_columns_a, serial_shops, shop, shop, nicolae_shop_hallway_plus,
          kennysheep_mini_moat, nicolae_shop_statue_plus, uniq_sigmund
D:6:      layout_cave_pools, nicolae_ashenzari_skybound,
          overflow_temple_1_default, nicolae_ossuary_entry_monument,
          serial_shops, nicolae_shop_gaudy_bauble, uniq_pikel
D:7:      layout_basic

Skill      XL: |  1  2  3  4  5  6 |
---------------+-------------------+-----
Unarmed Combat | 3 4 |  4.2
Shapeshifting  | 4 |  4.4
Fighting       | 3 |  3.2
Dodging        | 3 |  3.2

Action                     |  1- 3 |  4- 6 || total
---------------------------+-------+-------++-------
  Melee: Unarmed           |    74 |    66 ||   140
         Constrict         |    19 |    15 ||    34
         Tentacles         |    12 |    14 ||    26
         Punch             |     2 |     1 ||     3
  Throw: Dart              |       |    10 ||    10
         Throwing net      |       |     2 ||     2
    Use: Potion            |       |     3 ||     3
   Stab: Sleeping          |     4 |    10 ||    14
 Armour: Skin              |     4 |    21 ||    25
  Dodge: Dodged            |    43 |    76 ||   119

Table legend: (Time is in decaauts)
 A = Elapsed time spent in this place.
 B = Non-inter-level travel time spent in this place.
 C = Inter-level travel time spent in this place.
 D = Time resting spent in this place.
 E = Time spent auto-exploring this place.
 F = Levels seen in this place.
 G = Mean time per level.
                   A        B        C        D        E       F      G
               +--------+--------+--------+--------+--------+-----+--------+
         Total |   4317 |   4117 |    200 |    460 |   2933 |   6 |  719.5 |
       Dungeon |   4317 |   4117 |    200 |    460 |   2933 |   6 |  719.5 |
               +--------+--------+--------+--------+--------+-----+--------+

Top non-repeatable levels by time:
     D:3: 1389 daAuts
     D:4: 1100 daAuts
     D:1: 986 daAuts
     D:2: 781 daAuts
     D:7: 46 daAuts
     D:6: 11 daAuts
